 Dungeon Crawl Stone Soup version 0.31.0-9-g3a7656b989 (webtiles) character file.

Game seed: 569766174113383585

2539 Drazool the Sneak (level 9, -18/52 HPs)
             Began as a Kobold Earth Elementalist on Jan 24, 2024.
             Was an Initiate of Sif Muna.
             Demolished by a komodo dragon (20 damage)
             ... on level 8 of the Dungeon.
             The game lasted 00:17:32 (10807 turns).

Drazool the Sneak (Kobold Earth Elementalist)      Turns: 10807, Time: 00:17:32

Health: -18/52     AC: 24    Str:  6    XL:     9   Next: 85%
Magic:  10/16      EV: 15    Int: 20    God:    Sif Muna [......]
Gold:   39         SH:  0    Dex: 15    Spells: 7/18 levels left

rFire   . . .        z - +1 quarterstaff (drain)
rCold   . . .        (shield currently unavailable)
rNeg    . . .        a - +0 robe
rPois   .            j - +2 helmet
rElec   .            (no cloak)
rCorr   .            (no gloves)
SInv    .            o - +2 pair of boots
Will    .....        d - amulet of faith {!P}
Stlth   ++++         t - +4 ring of protection
HPRegen 0.28/turn    T - +4 ring of protection
MPRegen 0.15/turn

%: faith
@: very slightly contaminated
A: small, no large weapons, nightstalker 3
a: Renounce Religion


You were on level 8 of the Dungeon.
You worshipped Sif Muna.
Sif Muna was noncommittal.
You visited 2 branches of the dungeon, and saw 10 of its levels.

You collected 483 gold pieces.
You spent 444 gold pieces at shops.


Innate Abilities, Weirdness & Mutations

You are small and have problems with some larger weapons.
You are completely attuned to the shadows.


   Skills:
 - Level 4.0 Fighting
 - Level 2.4 Dodging
 - Level 7.0 Stealth
 - Level 5.0 Spellcasting
 - Level 5.6 Conjurations
 - Level 6.1 Earth Magic
 + Level 7.0 Invocations


You had 7 spell levels left.
You knew the following spells:

 Your Spells              Type           Power      Damage    Failure   Level
a - Passwall              Erth           29%        N/A       2%          3
p - Petrify               Alch/Erth      17%        N/A       32%         4
w - Stone Arrow           Conj/Erth      56%        3d10      3%          3
z - Sandblast             Erth           58%        2d13      1%          1

Your spell library contained the following spells:

 Spells                   Type           Power      Damage    Failure   Level
 Sting                    Conj/Alch      64%        1d7       3%          1
 Brom's Barrelling Bould  Conj/Erth      28%        2d5       10%         4
 Hailstorm                Conj/Ice       16%        3d6       11%         3
 Apportation              Tloc           10%        N/A       12%         1
 Freeze                   Ice            20%        1d4       12%         1
 Necrotise                Necr           20%        1d5       12%         1
 Summon Small Mammal      Summ           20%        N/A       12%         1
 Ensorcelled Hibernation  Hex/Ice        10%        N/A       17%         2
 Mercury Vapours          Alch/Air       10%        N/A       17%         2
 Frozen Ramparts          Ice            10%        1d2       34%         3
 Fugue of the Fallen      Necr           5%         N/A       34%         3
 Tukima's Dance           Hex            5%         N/A       34%         3
 Anguish                  Hex/Necr       2%         N/A       75%         4
 Olgreb's Toxic Radiance  Alch           5%         N/A       75%         4
 Passage of Golubria      Tloc           5%         N/A       75%         4
 Yara's Violent Unravell  Hex/Alch       2%         3d3       97%         5

Inventory:

Hand Weapons
 w - a +2 dagger of flaming
 z - a +1 quarterstaff of draining (weapon)
Missiles
 y - 2 throwing nets {=f}
Armour
 a - a +0 robe (worn)
 j - a +2 helmet (worn)
 o - a +2 pair of boots (worn)
Magical Staves
 u - a staff of air {!a}
Jewellery
 d - an amulet of faith (around neck) {!P}
 g - an amulet of magic regeneration
 t - a +4 ring of protection (left hand)
 v - an amulet of regeneration
 C - a ring of protection from cold
 N - a ring of positive energy
 T - a +4 ring of protection (right hand)
Wands
 G - a wand of paralysis (4)
Scrolls
 c - 2 scrolls of vulnerability
 e - 3 scrolls of teleportation {@r2}
 i - 5 scrolls of enchant armour
 k - 3 scrolls of amnesia
 l - 2 scrolls of immolation
 m - 3 scrolls of noise
 n - 3 scrolls of poison
Potions
 b - a potion of magic
 f - 4 potions of might
 h - 4 potions of haste {@q3}
 p - 3 potions of heal wounds {@q2}
 q - 4 potions of curing {@q1}
 r - 2 potions of degeneration {unknown}
 s - a potion of brilliance {unknown}
 x - a potion of lignification {unknown}
 A - a potion of enlightenment {unknown}
 B - a potion of mutation {unknown}
 D - 2 potions of invisibility {unknown}
 E - a potion of cancellation {unknown}
 F - 3 potions of berserk rage {!q}
 H - a potion of resistance
Miscellaneous
 I - a condenser vane

Dungeon Overview and Level Annotations

Branches:
Dungeon (9/15)             Temple (1/1) D:7
   Lair: D:8-11         Orc: D:9-12

Altars:
Ashenzari
Cheibriados
Dithmenos
Elyvilon
Fedhas
Gozag
Hepliaklqana
Kikubaaqudgha
Makhleb
Nemelex Xobeh
Okawaru
Ru
Sif Muna
Trog
Uskayaw
Vehumet
Wu Jian
Xom
Yredelemnul
Zin
The Shining One

Shops:
D:4 !   D:5 :

Annotations:
D:8 Jeremiah

##.##..#.##.#####.....
#.##.................
#.....#.###......##.#
#######.###......##.#
#............##..
##.#.##.......####
##.#..##.##........
#h###.##.##.##.....
##@#.###.##.##.#.##
##l.....##........
#.#######<#..#.##
#.#######.#..#.# #####
#...............
....##################......#####
###............# #....###
############.# ####.# #.### ##.##


You could see a komodo dragon and a howler monkey.


Message History

You climb upwards.
Level annotation: Jeremiah
There is a stone staircase leading down here.
Unknown command.
Casting: Stone Arrow (dangerous; 3% risk of failure)
Confirm with . or Enter, or press ? or * to list all spells.
Aiming: Passwall (dangerous; 2% risk of failure)
Press: ? - help, Dir - move target A rock wall.
You miscast Passwall.
You are very lightly contaminated with residual magic.
Nothing appears to happen.
The komodo dragon bites you!
* * * LOW HITPOINT WARNING * * *
The howler monkey closely misses you.
Unknown command.
Unknown command.
Unknown command.
Casting: Passwall (dangerous; 2% risk of failure)
Confirm with . or Enter, or press ? or * to list all spells.
Aiming: Passwall (dangerous; 2% risk of failure)
Press: ? - help, Dir - move target A rock wall.
The howler monkey hits you but does no damage.
The komodo dragon barely misses you.
The howler monkey hits you but does no damage.
The komodo dragon bites you!!
* * * LOW HITPOINT WARNING * * *
The howler monkey misses you. The komodo dragon bites you!!
You die...

Skill      XL: |  1  2  3  4  5  6  7  8  9 |
---------------+----------------------------+-----
Earth Magic    | 4 5 6 |  6.1
Conjurations   | 3 4 5 |  5.6
Spellcasting   | 4 5 |  5.0
Stealth        | 7 |  7.0
Fighting       | 3 4 |  4.0
Invocations    | 7 |  7.0
Dodging        | |  2.4

Action                     |  1- 3 |  4- 6 |  7- 9 || total
---------------------------+-------+-------+-------++-------
  Melee: Dagger            |       |     4 |       ||     4
   Cast: Sandblast         |    48 |    62 |    20 ||   130
         Stone Arrow       |       |     5 |   103 ||   108
         Passwall          |       |       |     2 ||     2
    Use: Scroll            |       |     6 |     6 ||    12
 Armour: Robe              |     1 |    14 |    32 ||    47
  Dodge: Dodged            |     5 |    19 |    35 ||    59

Levels and vault maps discovered:
D:1:      ldierk_walled_garden, layout_basic, roderic_lattice_a,
          minmay_fountain_box, chequers_jeans, serial_bayou_pond_b,
          hangedman_decor_growths, minmay_distorted
D:2:      layout_basic, chequers_ecumenical_altar_simple
D:3:      layout_basic, serial_bayou, serial_bayou_lake_a,
          serial_bayou_lagoon_a, serial_bayou_ford_a, serial_bayou_lagoon_b,
          serial_bayou_pond_d
D:4:      layout_gridville, serial_shops, shop, uniq_menkaure
D:5:      layout_gridville, serial_shops, nicolae_book_shop_shelving,
          dk_noncrumbling_4, uniq_duvessa
D:6:      layout_basic
D:7:      layout_basic, temple_hall
D:8:      layout_loops_cross, minmay_overflow_temple_hex, uniq_jeremiah
D:9:      layout_loops_ring, grunt_lair_entry_orc_guard_hut
Temple:   bh_familiar_temple

Notes
Turn   | Place    | Note
-------+----------+-------------------------------------------
     0 | D:1      | Drazool the Kobold Earth Elementalist began the quest for
                  | the Orb.
     0 | D:1      | Reached XP level 1. HP: 10/10 MP: 3/3
   114 | D:1      | Reached XP level 2. HP: 13/15 MP: 0/5
   516 | D:1      | Reached skill level 4 in Earth Magic
   516 | D:1      | Reached XP level 3. HP: 19/19 MP: 4/6
   520 | D:1      | Learned a level 3 spell: Passwall
  1521 | D:2      | Found a faded altar of an unknown god.
  1525 | D:2      | Reached XP level 4. HP: 24/24 MP: 5/7
  2445 | D:3      | Reached skill level 5 in Earth Magic
  2622 | D:3      | Reached XP level 5. HP: 21/28 MP: 1/8
  3473 | D:4      | Noticed Menkaure
  3479 | D:4      | Learned a level 3 spell: Stone Arrow
  3483 | D:4      | Killed Menkaure
  3484 | D:4      | Reached skill level 3 in Conjurations
  3484 | D:4      | Reached XP level 6. HP: 17/32 MP: 2/9
  4280 | D:4      | Found Kotrusio's Distillery.
  4284 | D:4      | Reached skill level 4 in Conjurations
  4294 | D:4      | Bought a potion of might for 48 gold pieces
  4294 | D:4      | Bought a potion of haste for 120 gold pieces
  4294 | D:4      | Bought a potion of curing for 36 gold pieces
  4489 | D:5      | Entered Level 5 of the Dungeon
  4561 | D:5      | Noticed a water moccasin
  4583 | D:5      | Killed a water moccasin
  4584 | D:5      | Reached XP level 7. HP: 33/36 MP: 4/10
  4693 | D:5      | Found Uvujoypy's Book Shoppe.
  4709 | D:5      | Reached skill level 5 in Conjurations
  5489 | D:5      | Reached skill level 3 in Spellcasting
  5810 | D:5      | Noticed a water moccasin
  5813 | D:5      | Killed a water moccasin
  5814 | D:5      | Reached skill level 4 in Spellcasting
  5814 | D:5      | Reached XP level 8. HP: 41/41 MP: 3/14
  6277 | D:6      | Reached skill level 5 in Spellcasting
  6277 | D:6      | Reached skill level 3 in Stealth
  6480 | D:6      | Reached skill level 4 in Stealth
  6583 | D:6      | Identified the -2 helmet of Exclusion {rN+ Dex+4}
  6801 | D:6      | Reached skill level 5 in Stealth
  6940 | D:6      | Reached skill level 6 in Stealth
  7644 | D:4      | Bought 2 potions of heal wounds for 120 gold pieces
  7828 | D:7      | Reached skill level 7 in Stealth
  7828 | D:7      | Reached skill level 1 in Fighting
  8228 | D:7      | Reached skill level 3 in Fighting
  8348 | D:7      | Reached XP level 9. HP: 51/51 MP: 12/16
  8424 | D:7      | Reached skill level 4 in Fighting
  8427 | D:7      | Reached skill level 6 in Earth Magic
  8438 | D:7      | Learned a level 4 spell: Petrify
  8556 | D:7      | Found a staircase to the Ecumenical Temple.
  8562 | Temple   | Entered the Ecumenical Temple
  8573 | Temple   | Became a worshipper of Sif Muna the Loreminder
  8733 | D:7      | Reached skill level 1 in Invocations
  8739 | D:7      | Reached skill level 2 in Invocations
  8935 | D:7      | Reached skill level 3 in Invocations
  9025 | D:8      | Reached skill level 4 in Invocations
  9338 | D:8      | Noticed Jeremiah
  9563 | D:4      | Bought a potion of resistance for 120 gold pieces
 10220 | D:8      | Found a sacrificial altar of Ru.
 10220 | D:8      | Found a glowing golden altar of the Shining One.
 10224 | D:8      | Found an ornate altar of the Wu Jian Council.
 10231 | D:8      | Found a sparkling altar of Nemelex Xobeh.
 10236 | D:8      | Found a glowing silver altar of Zin.
 10239 | D:8      | Found a broken altar of Ashenzari.
 10426 | D:9      | Noticed a komodo dragon
 10444 | D:9      | Reached skill level 5 in Invocations
 10565 | D:8      | Reached skill level 6 in Invocations
 10719 | D:8      | Reached skill level 7 in Invocations
 10806 | D:8      | HP: 2/52 [komodo dragon (18)]
 10807 | D:8      | Demolished by a komodo dragon

Vanquished Creatures
  A yak (D:9)
  Menkaure (D:4)
  4 water moccasins
  2 sky beasts
  An orc warrior (D:6)
  A black bear (D:8)
  A centaur (D:7)
  2 phantoms
  4 bullfrogs
  2 scorpions
  5 killer bees
  2 howler monkeys
  A jelly (D:5)
  A hound (D:5)
  An orc priest (D:6)
  A gnoll bouda (D:5)
  3 iguanas
  2 sleepcaps (D:6)
  5 orc wizards
  2 adders
  6 gnolls
  A shadow imp (D:8)
  4 white imps
  5 dart slugs
  A ribbon worm (D:2)
  22 orcs
  5 bats
  6 endoplasms
  4 giant cockroaches
  8 goblins
  5 hobgoblins
  3 jackals (D:1)
  9 kobolds
  3 quokkas
  9 ball pythons
  5 frilled lizards
  3 rats
141 creatures vanquished.

Table legend: (Time is in decaauts)
 A = Elapsed time spent in this place.
 B = Non-inter-level travel time spent in this place.
 C = Inter-level travel time spent in this place.
 D = Time resting spent in this place.
 E = Time spent auto-exploring this place.
 F = Levels seen in this place.
 G = Mean time per level.
                   A        B        C        D        E       F      G
               +--------+--------+--------+--------+--------+-----+--------+
         Total |  10984 |  10257 |    727 |    993 |   8255 |  10 | 1098.4 |
       Dungeon |  10952 |  10246 |    706 |    993 |   8255 |   9 | 1216.9 |
        Temple |     31 |     11 |     20 |      0 |      0 |   1 |   31.0 |
               +--------+--------+--------+--------+--------+-----+--------+

Top non-repeatable levels by time:
     D:6: 1671 daAuts
     D:5: 1574 daAuts
     D:1: 1493 daAuts
     D:8: 1391 daAuts
     D:7: 1379 daAuts
     D:4: 1350 daAuts
     D:3: 1176 daAuts
     D:2: 714 daAuts
     D:9: 200 daAuts
  Temple: 31 daAuts

Table legend:
 A = Non-vault XP
 B = Vault XP
 C = Vault XP percentage of total XP
 D = Non-vault monster count
 E = Vault monster count
 F = Vault count percentage of total count
                 A         B        C        D         E       F
            +---------+---------+-------+---------+---------+-------
      Total |    2929 |     699 |  19.3 |     127 |      14 |   9.9
            +---------+---------+-------+---------+---------+-------
        D:1 |      46 |      17 |  27.0 |      26 |       9 |  25.7
        D:2 |      31 |       0 |   0.0 |      14 |       0 |   0.0
        D:3 |      59 |       0 |   0.0 |      13 |       0 |   0.0
        D:4 |      64 |     172 |  72.9 |      12 |       1 |   7.7
        D:5 |     640 |       0 |   0.0 |      15 |       0 |   0.0
        D:6 |     582 |       0 |   0.0 |      19 |       0 |   0.0
        D:7 |     970 |       0 |   0.0 |      13 |       0 |   0.0
        D:8 |     486 |     128 |  20.8 |      14 |       1 |   6.7
        D:9 |      51 |     382 |  88.2 |       1 |       3 |  75.0
            +---------+---------+-------+---------+---------+-------
